Map: Tours du crépuscule

Players

OmnisLacrima - Winner!

  • Race: Zerg Zerg
  • League: Bronze

pupu

  • Race: Protoss Protoss
  • League: Gold

VOD

Have the link to the VOD?

Description

Time

  • Played on: April 21, 2016, 12:10 p.m.
  • Length: 14:39
Show
View Real Time Build Order
Export as new Build Order

OmnisLacrima Zerg - Winner!

Build Orders: Hatch First, Muta Ling Bane 

Get SALT Encoding   

  12  0:01  Drone  
  13  0:13  Overlord  
  13  0:25  Drone  
  14  0:31  Drone x2  
  16  0:36  Drone  
  17  0:53  Drone  
  18  0:57  Hatchery  
  18  1:03  Drone  
  18  1:19  Spawning Pool  
  18  1:20  Drone x2  
  18  1:24  Extractor  
  18  1:34  Drone  
  19  1:44  Drone  
  20  1:51  Drone  
  21  1:54  Extractor  
  20  2:06  Zergling x2  
  21  2:13  Drone  
  21  2:14  Queen  
  21  2:15  Queen  
  24  2:17  Drone  
  27  2:23  Drone  
  27  2:28  Overlord  
  28  3:13  Drone  
  28  3:14  Baneling Nest, Drone x2  
  28  3:19  Lair  
  30  3:26  Drone x4  
  34  3:31  Zergling x4  
  36  3:37  Overlord  
  36  3:41  Overlord x2  
  36  4:00  Overlord x2  
  36  4:05  Zergling x8  
  40  4:24  Drone  
  40  4:25  Drone x7  
  48  4:33  Evolution Chamber  
  48  4:37  Drone  
  48  4:43  Spire  
  47  4:49  Drone, Spore Crawler  
  47  4:52  Spore Crawler  
  47  4:54  Drone x3  
  47  4:58  Extractor  
  47  4:59  Extractor  
  47  5:09  Baneling x8  
  47  5:10  Baneling x4  
  47  5:13  Burrow  
  47  5:15  Drone x3  
  47  5:16  Hatchery, Drone x2  
  47  5:19  Drone x2  
  53  5:37  Zerg Ground Armor Level 1  
  53  5:40  Centrifical Hooks  
  53  5:49  Drone x5  
  59  5:50  Drone x3  
  59  5:52  Overlord  
  61  6:00  Extractor  
  60  6:11  Corruptor x3  
  65  6:18  Drone  
  66  6:42  Zerg Flyer Weapons Level 1  
  66  6:49  Corruptor x2  
  66  6:50  Corruptor  
  72  6:57  Mutalisk  
  74  7:08  Overlord x3  
  74  7:19  Overlord x2  
  74  7:26  Queen, Overlord x3  
  76  7:39  Mutalisk x3  
  76  7:40  Mutalisk  
  80  7:58  Zergling x2  
  80  7:59  Zergling x18  
  90  8:11  Mutalisk x3  
  94  8:16  Zergling x2  
  95  8:29  Zergling x2  
  95  8:30  Zergling x6  
  95  8:32  Metabolic Boost  
  99  8:35  Zerg Melee Weapons Level 1  
  99  8:36  Baneling x4  
  99  8:37  Baneling x8  
  99  8:41  Zerg Flyer Armor Level 1, Evolution Chamber  
  92  9:05  Zergling x10  
  92  9:06  Zergling x8  
  93  9:16  Mutalisk x4  
  91  9:22  Baneling x5  
  93  9:31  Zerg Ground Armor Level 2  
  93  9:49  Baneling x3  
  93  9:50  Baneling x2  
  93  9:52  Zergling x2  
  92  9:53  Zergling x16  
  92  9:54  Zergling x8  
  104  10:00  Overseer  
  104  10:03  Drone x3  
  107  10:07  Drone  
  107  10:08  Drone  
  109  10:25  Baneling x2  
  109  10:26  Baneling x2  
  108  10:29  Overlord x2  
  108  10:30  Overlord x3  
  108  10:46  Zerg Flyer Weapons Level 2  
  108  10:54  Queen  
  108  10:56  Overlord x4, Drone  
  111  10:58  Drone x3  
  111  10:59  Drone x3  
  111  11:02  Extractor  
  111  11:03  Spine Crawler  
  115  11:04  Spine Crawler  
  115  11:09  Spine Crawler  
  113  11:16  Hatchery  
  112  11:23  Zergling x10  
  112  11:24  Zergling x6  
  120  11:29  Infestation Pit  
  119  11:33  Drone  
  120  11:53  Overseer  
  120  12:05  Mutalisk x3  
  120  12:06  Mutalisk x4  
  134  12:16  Overlord x4  
  134  12:25  Mutalisk x2  
  134  12:26  Mutalisk x4  
  146  12:42  Drone x2  
  148  12:47  Hive  
  148  12:50  Mutalisk x2  
  152  13:03  Drone x3  
  152  13:05  Queen  
  157  13:12  Extractor  
  156  13:17  Drone  
  156  13:19  Extractor  
  155  13:29  Corruptor x4  
  155  13:32  Zergling x4  
  155  13:33  Zergling x20  
  175  13:43  Baneling x6  
  167  14:04  Mutalisk x7  
  167  14:05  Mutalisk x3  
  164  14:14  Zergling x8  
Show
View Real Time Build Order
Export as new Build Order

pupu Protoss 

Build Orders: Nexus First, Phoenix Opening 

Get SALT Encoding   

  12  0:01  Probe (Chrono Boost)  
  13  0:11  Probe (Chrono Boost)  
  14  0:18  Pylon  
  14  0:22  Probe (Chrono Boost)  
  15  0:36  Probe (Chrono Boost)  
  16  0:57  Nexus  
  16  1:06  Gateway  
  16  1:10  Probe (Chrono Boost)  
  17  1:20  Probe (Chrono Boost), Assimilator  
  18  1:31  Probe (Chrono Boost)  
  19  1:36  Assimilator  
  19  1:41  Probe (Chrono Boost)  
  20  1:53  Cybernetics Core  
  20  1:55  Zealot  
  20  2:00  Probe (Chrono Boost), Pylon  
  23  2:10  Probe (Chrono Boost)  
  24  2:21  Probe (Chrono Boost)  
  25  2:25  Probe (Chrono Boost)  
  26  2:30  Warp Gate (Chrono Boost)  
  26  2:31  Probe (Chrono Boost)  
  26  2:33  Adept  
  26  2:35  Probe  
  30  2:48  Probe x2  
  32  2:55  Stargate  
  32  3:00  Probe, Stalker  
  32  3:03  Probe  
  36  3:10  Pylon  
  36  3:12  Probe  
  37  3:17  Pylon  
  37  3:21  Probe  
  37  3:24  Gateway  
  38  3:29  Probe  
  38  3:33  Probe  
  40  3:44  Assimilator  
  40  3:48  Probe  
  40  3:50  Probe  
  42  3:59  Phoenix, Probe  
  42  4:02  Probe  
  46  4:10  Gateway  
  46  4:12  Gateway  
  46  4:14  Gateway  
  46  4:23  Probe  
  46  4:24  Phoenix (Chrono Boost), Probe  
  50  4:37  Protoss Air Armor Level 1  
  50  4:41  Pylon  
  50  4:44  Robotics Facility  
  50  4:47  Phoenix (Chrono Boost)  
  50  4:48  Gateway  
  50  4:51  Gateway  
  52  4:54  Pylon  
  52  5:00  Probe, Pylon  
  52  5:01  Probe  
  54  5:13  Phoenix (Chrono Boost)  
  56  5:15  Probe, Assimilator  
  56  5:16  Probe  
  58  5:23  Stalker x2  
  62  5:39  Observer  
  63  5:54  Stalker x6  
  75  6:23  Pylon  
  75  6:25  Mothership Core  
  75  6:27  Probe  
  78  6:33  Stalker x3  
  78  6:34  Stalker, Pylon  
  86  6:53  Probe  
  86  6:54  Probe  
  88  7:34  Probe  
  88  7:36  Probe  
  88  7:57  Void Ray (Chrono Boost)  
  92  8:00  Stalker x5  
  102  8:31  Pylon  
  102  8:34  Pylon  
  102  8:36  Pylon  
  102  8:42  Pylon  
  102  8:52  Phoenix (Chrono Boost)  
  104  8:56  Pylon  
  98  9:14  Phoenix (Chrono Boost)  
  98  9:16  Probe  
  96  9:18  Probe  
  96  9:20  Pylon  
  96  9:21  Stalker x3  
  96  9:22  Stalker x4  
  112  9:30  Probe  
  113  9:36  Void Ray (Chrono Boost)  
  113  9:38  Observer  
  118  9:54  Probe  
  118  9:56  Probe  
  118  9:57  Nexus  
  120  10:03  Assimilator  
  120  10:07  Assimilator  
  120  10:09  Pylon  
  120  10:11  Pylon  
  120  10:14  Pylon  
  120  10:17  Pylon  
  120  10:19  Pylon  
  120  10:21  Pylon  
  120  10:45  Probe, Twilight Council  
  120  10:46  Probe  
  120  10:48  Gateway  
  122  10:50  Gateway  
  122  10:51  Zealot x2  
  122  10:52  Zealot x5, Gateway  
  136  11:00  Void Ray (Chrono Boost), Gateway  
  136  11:03  Gateway  
  140  11:06  Gateway  
  140  11:09  Gateway  
  140  11:34  Zealot x2  
  140  11:35  Zealot x5  
  154  11:45  Charge (Chrono Boost)  
  154  11:54  Probe  
  155  12:14  Void Ray  
  158  12:18  Zealot x2  
  158  12:19  Zealot x6  
  158  12:20  Zealot x2  
  178  12:37  Immortal  
  182  12:47  Nexus  
  182  12:49  Forge  
  182  12:52  Forge  
  182  12:57  Pylon  
  182  12:58  Probe  
  182  12:59  Pylon  
  182  13:00  Probe  
  182  13:02  Pylon  
  182  13:03  Stalker x4  
  182  13:04  Stalker x2  
  182  13:05  Gateway  
  195  13:45  Zealot x2  
  80  14:18  Stalker  
  80  14:19  Stalker x6  
  80  14:20  Stalker x5  
  80  14:21  Stalker x2  
Tags
 
Add a new tag
Caveats
  • Supply blocks, unpowered buildings, or Contaminate may cause inaccurate times.
  • Supply counts are checked every 10 seconds.